 Dungeon Sprint DCSS version 0.27.1-34-g3ba077fa99 (webtiles) character file.

Game seed: 10029896070611798394

278 boopmooplesden the Fighter (level 8, -2/124 HPs)
             Began as a Minotaur Fighter on Jan 27, 2022.
             Was an Elder of Okawaru.
             Slain by the 27-headed Lernaean hydra (4 damage)
             ... in the Dungeon (Sprint VI: "Thunderdome").
             The game lasted 00:05:40 (583 turns).

boopmooplesden the Fighter (Minotaur Fighter)        Turns: 583, Time: 00:05:41

Health: -2/124     AC: 12    Str: 22    XL:     8   Next: 16%
Magic:  5/7        EV: 13    Int:  7    God:    Okawaru [****..]
Gold:   411        SH: 15    Dex: 16    Spells: 7/7 levels left

rFire    x . .     SeeInvis +   s - +10 club
rCold    x . .     Faith    .   c - +0 kite shield
rNeg     + . .     Spirit   .   b - +0 scale mail
rPois    .         Reflect  .   (helmet restricted)
rElec    +         Harm     .   d - +0 cloak
rCorr    +         Rampage  .   (no gloves)
Will     ++...     NoTele   +   (no boots)
Stlth    ..........             o - amulet "Patugozi" {RegenMP rElec rF- rCorr Slay+5}
HPRegen  0.30/turn              p - ring of Joil {rC- Will+ Int+2 Dex+5 SInv}
MPRegen  0.35/turn              q - ring "Dyiharec" {Wiz rN+ Will+}

@: berserking, heroic, very quick
A: horns 2, retaliatory headbutt
a: Renounce Religion, Heroism


You were in the Dungeon.
You worshipped Okawaru.
Okawaru was greatly pleased with you.
You visited 1 branch You collected 600 gold pieces.
You spent 189 gold pieces at shops.

Inventory:

Hand Weapons
 a - a +0 long sword
 s - a +10 club (weapon)
Missiles
 t - 3 silver javelins (quivered)
Armour
 b - a +0 scale mail (worn)
 c - a +0 kite shield (worn)
 d - a +0 cloak (worn)
Jewellery
 o - the amulet "Patugozi" (around neck) {RegenMP rElec rF- rCorr Slay+5}
   (You bought it in a shop in the Dungeon)

   [amulet of magic regeneration]

   It increases your rate of magic regeneration.
   Slay:      It affects your accuracy & damage with ranged weapons and melee
   (+5).
   rF:        It makes you vulnerable to fire.
   rElec:     It insulates you from electricity.
   rCorr:     It protects you from acid and corrosion.
 p - the ring of Joil (left hand) {rC- Will+ Int+2 Dex+5 SInv}
   (You bought it in a shop in the Dungeon)

   [ring of see invisible]

   Int:       It affects your intelligence (+2).
   Dex:       It affects your dexterity (+5).
   rC:        It makes you vulnerable to cold.
   SInv:      It lets you see invisible.
   Will:      It increases your willpower.
 q - the ring "Dyiharec" (right hand) {Wiz rN+ Will+}
   (You bought it in a shop in the Dungeon)

   [ring of wizardry]

   It improves your spell success rate.
   rN:        It protects you from negative energy.
   Will:      It increases your willpower.
Wands
 l - a wand of acid (5)
 m - a wand of iceblast (5)
 r - a wand of flame (12)
Scrolls
 j - 4 scrolls of blinking
 n - 3 scrolls of fog
Potions
 e - 2 potions of curing
 f - 3 potions of heal wounds
 g - 4 potions of haste
 h - 2 potions of magic
 k - a potion of resistance


   Skills:
 + Level 11.7(16.7) Fighting
 + Level 8.2(13.2) Long Blades
 + Level 6.6(11.6) Maces & Flails
 + Level 11.1(16.1) Armour
 + Level 1.5(6.5) Dodging
 + Level 11.0(16.0) Shields
 + Level 0.2 Invocations


You had 7 spell levels left.
You didn't know any spells.
Your spell library was empty.

Dungeon Overview and Level Annotations

Branches:
Dungeon (1/1)

Altars:
Cheibriados
Dithmenos
Fedhas
Gozag
Kikubaaqudgha
Makhleb
Okawaru
Qazlal
Ru
Sif Muna
Trog
Uskayaw
Vehumet
Wu Jian
Xom
Yredelemnul
Zin
The Shining One
Beogh
Jiyva
Lugonu

Shops:
D *[??*?*:[((!!!!

Annotations:
D Lernaean hydra


Innate Abilities, Weirdness & Mutations

You have a pair of horns on your head.
You reflexively headbutt those who attack you in melee.


Message History

You see here a queen bee corpse.
You see here a killer bee corpse.
There is a staircase leading out of the dungeon here.
You see here a killer bee corpse.
The 27-headed Lernaean hydra comes into view.
The 27-headed Lernaean hydra roars deafeningly!
A spriggan rider comes into view. It is wielding a +0 spear.
Okay, then.
You gain the combat prowess of a mighty hero.
A red film seems to cover your vision as you go berserk!
You feel yourself moving faster!
You feel mighty!
The 27-headed Lernaean hydra bites you. x2
You block the 27-headed Lernaean hydra's attack.
The 27-headed Lernaean hydra bites you! x2
You block the 27-headed Lernaean hydra's attack.
The 27-headed Lernaean hydra bites you but does no damage.
The 27-headed Lernaean hydra bites you.
The 27-headed Lernaean hydra bites you! x2
* * * LOW HITPOINT WARNING * * *
The 27-headed Lernaean hydra bites you.
* * * LOW HITPOINT WARNING * * *
The 27-headed Lernaean hydra bites you.
* * * LOW HITPOINT WARNING * * *
The 27-headed Lernaean hydra bites you but does no damage.
The 27-headed Lernaean hydra closely misses you.
You block the 27-headed Lernaean hydra's attack.
The 27-headed Lernaean hydra bites you but does no damage.
The 27-headed Lernaean hydra misses you.
You block the 27-headed Lernaean hydra's attack.
The 27-headed Lernaean hydra bites you.
* * * LOW HITPOINT WARNING * * *
The 27-headed Lernaean hydra bites you but does no damage. x2
The 27-headed Lernaean hydra bites you!
* * * LOW HITPOINT WARNING * * *
You block the 27-headed Lernaean hydra's attack.
The 27-headed Lernaean hydra completely misses you.
The 27-headed Lernaean hydra bites you but does no damage.
The 27-headed Lernaean hydra bites you!
* * * LOW HITPOINT WARNING * * *
The 27-headed Lernaean hydra bites you.
You die...

#⌠....)...)..⌠#
######.8..†.†....8.######
##.___......###......___∩##
###∩........8.# #.8........∩##
##.....i......)###†............
#⌠.....i....###..†###..........
#⌠..........# #.<.# #..........
#⌠..........###D..###..........
##............@###†............
###∩........8.# #.8........∩##
##∩___......###.......__∩##
######.8.........8.######
#⌠...........⌠# ###.........###
#_........# #_......._#
#_......._#


You could see the 27-headed Lernaean hydra and a spriggan rider (wandering).

Vanquished Creatures
  A queen bee (D)
  A tyrant leech (D)
  Sigmund (D)
  A swamp drake (D)
  4 bullfrogs (D)
  5 killer bees (D)
  Ijyb (D)
  A giant cockroach (D)
  3 goblins (D)
  2 hobgoblins (D)
  A ball python skeleton (D)
  A kobold (D)
  A quokka skeleton (D)
23 creatures vanquished.

Notes
Turn   | Place    | Note
-------+----------+-------------------------------------------
     0 | D        | boopmooplesden the Minotaur Fighter began the quest for the
                  | Orb.
     0 | D        | Reached XP level 1. HP: 19/19 MP: 0/0
     3 | D        | Found a basalt altar of Yredelemnul.
     3 | D        | Found a radiant altar of Vehumet.
     4 | D        | Found an ancient bone altar of Kikubaaqudgha.
     5 | D        | Found a shimmering blue altar of Sif Muna.
     5 | D        | Found a glowing golden altar of the Shining One.
     5 | D        | Round 1.
     6 | D        | Found a glowing silver altar of Zin.
     6 | D        | Found a burning altar of Makhleb.
     6 | D        | Found Kohecw's Identification Station.
     7 | D        | Found Athrykhozi's Jewellery.
     7 | D        | Found Lokhooh's Advanced Armour.
    15 | D        | Bought a slimy ruby amulet for 45 gold pieces
    15 | D        | Identified the amulet "Patugozi" {RegenMP rElec rF- rCorr
                  | Slay+5} (You bought it in a shop in the Dungeon)
    15 | D        | Bought a warped golden ring for 45 gold pieces
    15 | D        | Identified the ring of Joil {rC- Will+ Int+2 Dex+5 SInv}
                  | (You bought it in a shop in the Dungeon)
    15 | D        | Bought a vibrating granite ring for 45 gold pieces
    15 | D        | Identified the ring "Dyiharec" {Wiz rN+ Will+} (You bought
                  | it in a shop in the Dungeon)
    25 | D        | Found a shadowy altar of Dithmenos.
    32 | D        | Found a viscous altar of Jiyva.
    33 | D        | Found a corrupted altar of Lugonu.
    33 | D        | Found an opulent altar of Gozag.
    33 | D        | Found Xawew's Magic Scroll Shop.
    33 | D        | Found Nitrimom's Staff Store.
    42 | D        | Found an iron altar of Okawaru.
    42 | D        | Found a hide-covered altar of Uskayaw.
    43 | D        | Found a blossoming altar of Fedhas.
    43 | D        | Found a shimmering altar of Xom.
    44 | D        | Found an ornate altar of the Wu Jian Council.
    44 | D        | Found a bloodstained altar of Trog.
    44 | D        | Found Ruciod's Weapon Rack.
    44 | D        | Found Omaufoej's Premium Goods.
    45 | D        | Found Ucegox's Do-It-Yourself Clinic.
    45 | D        | Found Moukype's Basic Armour.
    45 | D        | Found Keajim's Miscellaneous Merchandise.
    46 | D        | Found Qehaq's Bottled Wisdom.
    46 | D        | Found Faedai's Distillery.
    53 | D        | Became a worshipper of Warmaster Okawaru
    64 | D        | Noticed Sigmund
    71 | D        | Killed Sigmund
    71 | D        | Reached * piety under Okawaru
    71 | D        | Reached ** piety under Okawaru
    71 | D        | Reached *** piety under Okawaru
    72 | D        | Reached XP level 2. HP: 11/35 MP: 1/1
    72 | D        | Reached XP level 3. HP: 12/40 MP: 2/2
    72 | D        | Reached XP level 4. HP: 15/48 MP: 3/3
    72 | D        | Reached XP level 5. HP: 17/53 MP: 4/4
    80 | D        | Found a stormy altar of Qazlal.
    81 | D        | Arena points: 12 (+12) [x2]
    82 | D        | Found a snail-covered altar of Cheibriados.
   133 | D        | Bought a +0 cloak for 54 gold pieces
   141 | D        | Round 2.
   155 | D        | Found Aclasse's Magic Scroll Shop.
   155 | D        | Found Guerghio's Must-Have Magic.
   163 | D        | Noticed Ijyb
   172 | D        | Killed Ijyb
   173 | D        | Reached skill level 5 in Long Blades
   183 | D        | Found a sacrificial altar of Ru.
   257 | D        | Found Koikk's Distillery.
   270 | D        | Arena points: 54 (+42) [x3]
   325 | D        | Round 3.
   330 | D        | Noticed a swamp drake
   343 | D        | Killed a swamp drake
   344 | D        | Reached XP level 6. HP: 39/63 MP: 5/5
   381 | D        | Noticed a tyrant leech
   383 | D        | Received a gift from Okawaru
   384 | D        | Reached skill level 10 in Fighting
   393 | D        | Killed a tyrant leech
   393 | D        | Reached **** piety under Okawaru
   394 | D        | Reached skill level 10 in Armour
   394 | D        | Reached skill level 10 in Shields
   394 | D        | Reached XP level 7. HP: 26/73 MP: 6/6
   406 | D        | Arena points: 138 (+84) [x4]
   407 | D        | Reached skill level 5 in Maces & Flails
   468 | D        | Round 4.
   479 | D        | Reached skill level 1 in Dodging
   483 | D        | Noticed a queen bee
   497 | D        | Killed a queen bee
   497 | D        | Arena points: 278 (+140) [x5]
   498 | D        | Reached XP level 8. HP: 34/83 MP: 7/7
   555 | D        | Round 5.
   579 | D        | Noticed the 27-headed Lernaean hydra
   580 | D        | Noticed a spriggan rider
   583 | D        | HP: 2/124 [the 27-headed Lernaean hydra (12)]
   583 | D        | Slain by the 27-headed Lernaean hydra

Illustrated notes

Levels and vault maps discovered:
D:        arena_sprint

Skill      XL: |  1  2  3  4  5  6  7 |
---------------+----------------------+-----
Fighting       | 8 9 10 11 | 11.7
Armour         | 7 8 10 11 | 11.1
Shields        | 7 8 10 11 | 11.0
Long Blades    | 4 5 7 8 |  8.2
Maces & Flails | 2 4 6 |  6.6
Dodging        | 1 |  1.5
Invocations    | |  0.2

Action                   |  1- 3 |  4- 6 |  7- 9 || total
-------------------------+-------+-------+-------++-------
Melee: Long sword        |    10 |     3 |       ||    13
       Club              |       |    20 |    15 ||    35
       Headbutt          |       |     9 |     2 ||    11
Invok: Heroism           |       |     1 |     2 ||     3
  Use: Potion            |     1 |       |     2 ||     3
Armor: Scale mail        |     2 |     6 |     9 ||    17
Dodge: Dodged            |     3 |     4 |    10 ||    17
Block: Kite shield       |     3 |     7 |    20 ||    30
